 Dungeon Crawl Stone Soup version 0.28-a0-1518-gbe868bca14 (webtiles) character file.

Game seed: 11786528141692664026

107 buddhastalin the Sneak (level 4, -1/23 HPs)
             Began as a Spriggan Brigand on Jan 16, 2022.
             Killed from afar by an orc wizard (8 damage)
             ... with a magic dart
             ... on level 3 of the Dungeon.
             The game lasted 00:05:06 (3452 turns).

buddhastalin the Sneak (Spriggan Brigand)           Turns: 3452, Time: 00:05:07

Health: -1/23      AC:  3    Str:  7    XL:     4   Next: 57%
Magic:  5/5        EV: 17    Int: 14    God:
Gold:   190        SH:  0    Dex: 16    Spells: 3/3 levels left

rFire   . . .      SeeInvis +   a - +2 dagger
rCold   . . .      Faith    .   (no shield)
rNeg    . . .      Spirit   .   b - +0 robe
rPois   .          Reflect  .   (helmet restricted)
rElec   .          Harm     .   c - +0 cloak
rCorr   .          Rampage  .   (gloves unavailable)
Will    .....                   (boots unavailable)
Stlth   +.........              (no amulet)
HPRegen 0.07/turn               (no ring)
MPRegen 0.09/turn               (no ring)

@: confused, very quick
A: very small, no large weapons, unfitting armour, see invisible, speed 3
a: no special abilities


You were on level 3 of the Dungeon.
You visited 1 branch of the dungeon, and saw 3 of its levels.

You collected 190 gold pieces.

Inventory:

Hand Weapons
 a - a +2 dagger (weapon)
Missiles
 d - 14 poisoned darts (quivered)
 e - 2 curare-tipped darts
Armour
 b - a +0 robe (worn)
 c - a +0 cloak (worn)
Jewellery
 g - a ring of fire
Scrolls
 h - a scroll of blinking {unknown}
 i - 2 scrolls of fear {unknown}
 l - a scroll of summoning {unknown}
 m - a scroll of enchant weapon {unknown}
 n - 2 scrolls of amnesia {unknown}
 o - a scroll of teleportation {unknown}
 q - 2 scrolls of identify {unknown}
Potions
 f - a potion of curing {unknown}
 j - a potion of attraction {unknown}
 k - a potion of magic {unknown}
 p - a potion of ambrosia {unknown}
 r - a potion of heal wounds {unknown}


   Skills:
 + Level 2.2 Fighting
 * Level 3.8 Short Blades
 - Level 2.0 Throwing
 + Level 2.9 Dodging
 + Level 6.6 Stealth


You had 3 spell levels left.
You didn't know any spells.
Your spell library was empty.

Dungeon Overview and Level Annotations

Branches:
Dungeon (3/15)

Altars:


Innate Abilities, Weirdness & Mutations

You are very small and have problems with some larger weapons.
You are too small for most types of armour.
You have supernaturally acute eyesight. (SInv)
You cover ground extremely quickly. (Speed+++)


Message History

You barely miss the orc wizard.
The orc wizard is severely wounded.
The orc wizard hits you but does no damage.
You completely miss the orc wizard.
The orc wizard is severely wounded.
The orc wizard gestures at you while chanting.
The magic dart hits you!
You hit the orc wizard but do no damage.
The orc wizard is severely wounded.
You barely miss the orc wizard.
The orc wizard is severely wounded.
The orc wizard gestures at you while chanting.
You easily resist.
You completely miss the orc wizard.
The orc wizard is severely wounded.
The orc wizard hits you with a +0 dagger.
You closely miss the orc wizard.
The orc wizard is severely wounded.
The orc wizard misses you.
You hit the orc wizard but do no damage.
The orc wizard is severely wounded.
The orc wizard gestures at you while chanting.
You are confused.
You are too confused!
You are too confused!
You closely miss the orc wizard.
The orc wizard is severely wounded.
The orc wizard hits you with a +0 dagger.
You barely miss the orc wizard.
The orc wizard is severely wounded.
You hit the orc wizard.
The orc wizard is almost dead.
The orc wizard hits you with a +0 dagger.
You closely miss the orc wizard.
The orc wizard is almost dead.
The orc wizard hits you with a +0 dagger.
You're too confused to move!
The orc wizard casts a spell at you. The magic dart hits you!
You die...

##.#####.##...................#
#.# #.######...............# #.#
##'## ##'####.........### #.#
#...# #.####...........#
#.####...######.........#......#
#....'...#>.............+......'
######...#.#########....#......#
#####.# #o...'....#......#
#####'####@####....########
#...........# #....#
#......)....# #....#
#...........# #....#
#...........# #.......#
#...........# ###...o.#
#...........# #.....#
############# #......) ####..o..


You could see an orc wizard.

Vanquished Creatures
  4 adders (D:2)
  A dart slug (D:2)
  3 ball pythons
  5 bats
  5 endoplasms
  7 giant cockroaches
  5 goblins
  6 hobgoblins
  4 jackals (D:2)
  5 kobolds
  5 quokkas
  4 frilled lizards
  8 rats
62 creatures vanquished.

Notes
Turn   | Place    | Note
-------+----------+-------------------------------------------
     0 | D:1      | buddhastalin the Spriggan Brigand began the quest for the
                  | Orb.
     0 | D:1      | Reached XP level 1. HP: 10/10 MP: 2/2
   234 | D:1      | Reached skill level 6 in Stealth
   243 | D:1      | Reached XP level 2. HP: 5/15 MP: 3/3
  1186 | D:1      | Reached XP level 3. HP: 18/18 MP: 4/4
  2088 | D:2      | Found a faded altar of an unknown god.
  2098 | D:2      | Reached XP level 4. HP: 23/23 MP: 5/5
  3452 | D:3      | Killed from afar by an orc wizard

Illustrated notes

Levels and vault maps discovered:
D:1:      dpeg_arrival_tiny_i, layout_basic
D:2:      layout_basic, ebering_ecumenical_altar_rust, grunt_ministairs_1,
          minmay_tetromino_i4
D:3:      corexii_shack_village, layout_basic

Skill      XL: |  1  2  3 |
---------------+----------+-----
Stealth        | 6 |  6.6
Dodging        | 2 |  2.9
Short Blades   | 3 |  3.8
Fighting       | 2 |  2.2
Throwing       | |  2.0

Action                   |  1- 3 |  4- 6 || total
-------------------------+-------+-------++-------
Melee: Dagger            |   173 |    96 ||   269
       Punch             |     2 |       ||     2
 Stab: Sleeping          |    11 |     5 ||    16
       Distracted        |     1 |       ||     1
Armor: Robe              |    22 |     9 ||    31
Dodge: Dodged            |   128 |    57 ||   185

Table legend: (Time is in decaauts)
 A = Elapsed time spent in this place.
 B = Non-inter-level travel time spent in this place.
 C = Inter-level travel time spent in this place.
 D = Time resting spent in this place.
 E = Time spent auto-exploring this place.
 F = Levels seen in this place.
 G = Mean time per level.
                   A        B        C        D        E       F      G
               +--------+--------+--------+--------+--------+-----+--------+
         Total |   2697 |   2657 |     40 |   1317 |    863 |   3 |  899.0 |
       Dungeon |   2697 |   2657 |     40 |   1317 |    863 |   3 |  899.0 |
               +--------+--------+--------+--------+--------+-----+--------+

Top non-repeatable levels by time:
     D:2: 1242 daAuts
     D:1: 1178 daAuts
     D:3: 276 daAuts
